 Seeded DCSS version 0.29-a0-923-g6e406bff71 (webtiles) character file.

Game seed: 12374859633041169921 (custom seed)

273 mathmaestro the Grave Robber (level 6, 38/39 (47) HPs)
             Began as a Demonspawn Necromancer on July 27, 2022.
             Quit the game on level 4 of the Dungeon.
             The game lasted 00:06:34 (3097 turns).

mathmaestro the Grave Robber (DsNe)                 Turns: 3097, Time: 00:06:35

HP:   38/39 (47)    AC:  5    Str:  9    XL:     6   Next: 2%
MP:   3/11          EV: 14    Int: 20    God:
Gold: 99            SH:  3    Dex: 13    Spells: 4/12 levels left

rFire   . . .      SeeInvis +   f - +0 dagger
rCold   . . .      Faith    .   j - +0 buckler
rNeg    . . .      Spirit   .   d - +3 robe of Indecent Exposure {Int+2 SInv}
rPois   .          Reflect  .   (no helmet)
rElec   .          Harm     .   (no cloak)
rCorr   .          Rampage  .   (no gloves)
Will    .....                   (no boots)
Stlth   ++........              (no amulet)
HPRegen 0.13/turn               (no ring)
MPRegen 0.12/turn               (no ring)

@: heavily drained
A: repulsion field 2, foul stench 1
a: no special abilities


You were on level 4 of the Dungeon.
You visited 1 branch of the dungeon, and saw 4 of its levels.

You collected 99 gold pieces.

Inventory:

Hand Weapons
 b - a +0 hand axe
 f - a +0 dagger (weapon)
Armour
 d - the +3 robe of Indecent Exposure (worn) {Int+2 SInv}
   (You found it on level 3 of the Dungeon)

   Int:       It affects your intelligence (+2).
   SInv:      It lets you see invisible.
 j - a +0 buckler (worn)
Scrolls
 c - a scroll of poison {unknown}
 e - a scroll of amnesia {unknown}
 g - a scroll of enchant armour {unknown}
 h - 2 scrolls of teleportation {unknown}
 i - a scroll of identify {unknown}
 k - a scroll of brand weapon {unknown}
 m - a scroll of blinking {unknown}
 n - a scroll of summoning {unknown}
 p - a scroll of enchant weapon {unknown}
Potions
 a - a potion of cancellation
 l - a potion of curing {unknown}
 o - a potion of brilliance {unknown}


   Skills:
 + Level 3.1 Fighting
 + Level 0.1 Armour
 - Level 2.0 Dodging
 - Level 2.0 Stealth
 + Level 0.2 Shields
 + Level 3.6 Spellcasting
 + Level 5.7 Necromancy


You had 4 spell levels left.
You knew the following spells:

 Your Spells              Type           Power      Damage    Failure   Level
a - Necrotise             Necr           100%       1d9       1%          1
b - Vampiric Draining     Necr           26%        2d7       4%          3
c - Animate Dead          Necr           26%        N/A       17%         4

Your spell library contained the following spells:

 Spells                   Type           Power      Damage    Failure   Level
 Call Canine Familiar     Summ           3%         N/A       50%         3
 Gell's Gravitas          Tloc           3%         N/A       50%         3
 Lesser Beckoning         Tloc           3%         N/A       50%         3
 Portal Projectile        Hex/Tloc       6%         N/A       50%         3
 Teleport Other           Tloc           3%         N/A       50%         3
 Leda's Liquefaction      Hex/Erth       1%         N/A       88%         4
 Agony                    Necr           26%        N/A       43%         5


Dungeon Overview and Level Annotations

Branches:
Dungeon (4/15)
 Temple: D:4-7

Altars:

Shops:
D:3 [   D:4 ?*


Innate Abilities, Weirdness & Mutations

You are surrounded by a moderate repulsion field. (EV +3)
You may rarely emit foul miasma when damaged in melee.


Message History

Unknown command.
You see here a +0 club.
Casting: Necrotise (safe; 1% risk of failure)
Confirm with . or Enter, or press ? or * to list all spells.
Aiming: Necrotise (safe; 1% risk of failure)
Press: ? - help, Shift-Dir - straight line, f/p - giant cockroach
Aim: a giant cockroach (moderately wounded, chance to affect: 93%)
The giant cockroach writhes in agony!
You kill the giant cockroach!
The orc wizard gestures wildly while chanting.
The orc wizard flickers and vanishes for a moment.
Casting: Necrotise (safe; 1% risk of failure)
Confirm with . or Enter, or press ? or * to list all spells.
Aiming: Necrotise (safe; 1% risk of failure)
Press: ? - help, Shift-Dir - straight line, f - orc wizard
Aim: an orc wizard, wielding a +0 dagger and wearing a +0 robe (slightly transparent, ally target, chance to affect: 83%)
The orc wizard writhes in agony.
Unknown command.
Casting: Necrotise (safe; 1% risk of failure)
Confirm with . or Enter, or press ? or * to list all spells.
Aiming: Necrotise (safe; 1% risk of failure)
Press: ? - help, Shift-Dir - straight line, f/p - orc wizard
Aim: an orc wizard, wielding a +0 dagger and wearing a +0 robe (moderately wounded, slightly transparent, chance to affect: 83%)
The orc wizard writhes in agony.
The orc hits you but does no damage. The orc wizard closely misses you.
Unknown command.
Casting: Necrotise (safe; 1% risk of failure)
Confirm with . or Enter, or press ? or * to list all spells.
Aiming: Necrotise (safe; 1% risk of failure)
Press: ? - help, Shift-Dir - straight line, f/p - orc wizard
Aim: an orc wizard, wielding a +0 dagger and wearing a +0 robe (heavily wounded, slightly transparent, chance to affect: 83%)
The orc wizard writhes in agony!
You kill the orc wizard!
The dead are walking!
The orc hits your orc wizard skeleton with a +0 short sword.
The orc misses you.
You have reached level 6!
Your demonic ancestry asserts itself...
You begin to emit a foul stench of rot and decay.
Are you sure you want to abandon this character and quit the game? (Confirm with "yes".)

#......#.......?..
#^.....#............
#......#w!....?.....
#.....[#............
#..Z... ........ #..∩..
......### #..o#
#..##.#..
#####.Zo########..##.#.>
.......@.............#..
.....................#.∩
..........<..........#..
...##................###
## #..<................
#................>..
#...................
#...###...##...###..
#...# ########## ###


You could see 2 orcs, a friendly goblin skeleton (confused) and a friendly orc
wizard skeleton.

Vanquished Creatures
  A necrophage (D:3)
  2 orc priests (D:2)
  An iguana (D:3)
  2 orc wizards
  2 adders
  2 worms (D:2)
  5 orcs
  3 endoplasms
  4 giant cockroaches
  2 goblins (D:4)
  2 hobgoblins
  3 quokkas
  7 ball pythons
  7 bats
  3 frilled lizards
  2 kobolds (D:1)
  4 rats
52 creatures vanquished.

Vanquished Creatures (collateral kills)
  An endoplasm (D:3)
  A ball python (D:2)
  A goblin (D:3)
3 creatures vanquished.

Grand Total: 55 creatures vanquished

Notes
Turn   | Place    | Note
-------+----------+-------------------------------------------
     0 | D:1      | mathmaestro the Demonspawn Necromancer began the quest for
                  | the Orb.
     0 | D:1      | Reached XP level 1. HP: 13/13 MP: 3/3
   354 | D:1      | Gained mutation: You are surrounded by a mild repulsion
                  | field. (EV +2) [demonic ancestry]
   354 | D:1      | Reached XP level 2. HP: 20/20 MP: 3/5
   716 | D:2      | Reached skill level 1 in Fighting
   781 | D:2      | Found a faded altar of an unknown god.
   909 | D:2      | Reached XP level 3. HP: 26/26 MP: 2/6
   913 | D:2      | Learned a level 3 spell: Vampiric Draining
  1354 | D:2      | HP: 1/26 [orc/+0 war axe (5)]
  1359 | D:2      | Reached skill level 5 in Necromancy
  1359 | D:2      | Gained mutation: You are surrounded by a moderate repulsion
                  | field. (EV +3) [demonic ancestry]
  1359 | D:2      | Reached XP level 4. HP: 32/33 MP: 5/8
  2085 | D:3      | Reached XP level 5. HP: 24/39 MP: 6/9
  2115 | D:3      | Learned a level 4 spell: Animate Dead
  2211 | D:3      | Identified the +3 robe of Indecent Exposure {Int+2 SInv}
  2358 | D:3      | Found Xoig's Armour Shop.
  3007 | D:4      | Found Maedeumn's Assorted Antiques.
  3073 | D:4      | Found Etapparph's Magic Scroll Shoppe.
  3097 | D:4      | Gained mutation: You may rarely emit foul miasma when
                  | damaged in melee. [demonic ancestry]
  3097 | D:4      | Reached XP level 6. HP: 38/39 MP: 3/11
  3097 | D:4      | Quit the game

Illustrated notes

Levels and vault maps discovered:
D:1:      lightli_arrival_statue_moat, layout_rooms
D:2:      layout_basic, nicolae_ecumenical_snake_handling, lemuel_flame_loot_1
D:3:      layout_basic, elyvilon_altar_3, serial_shops, nicolae_shop_statue_plus
D:4:      layout_gridville, serial_shops, nicolae_take_the_stairs, shop

Skill      XL: |  1  2  3  4  5 |
---------------+----------------+-----
Stealth        | 2 |  2.0
Dodging        | 2 |  2.0
Fighting       | 1 2 3 |  3.1
Necromancy     | 5 |  5.7
Spellcasting   | 3 |  3.6
Armour         | |  0.1
Shields        | |  0.2

Action                   |  1- 3 |  4- 6 || total
-------------------------+-------+-------++-------
Melee: Dagger            |     6 |   100 ||   106
       Punch             |       |     2 ||     2
 Cast: Necrotise         |    49 |    39 ||    88
       Vampiric Draining |     1 |     1 ||     2
  Use: Potion            |     3 |     4 ||     7
 Stab: Sleeping          |     1 |     1 ||     2
Armor: Robe              |     4 |    19 ||    23
Dodge: Dodged            |    25 |    62 ||    87

Table legend: (Time is in decaauts)
 A = Elapsed time spent in this place.
 B = Non-inter-level travel time spent in this place.
 C = Inter-level travel time spent in this place.
 D = Time resting spent in this place.
 E = Time spent auto-exploring this place.
 F = Levels seen in this place.
 G = Mean time per level.
                   A        B        C        D        E       F      G
               +--------+--------+--------+--------+--------+-----+--------+
         Total |   3109 |   3012 |     97 |    853 |   1651 |   4 |  777.2 |
       Dungeon |   3109 |   3012 |     97 |    853 |   1651 |   4 |  777.2 |
               +--------+--------+--------+--------+--------+-----+--------+

Top non-repeatable levels by time:
     D:3: 1397 daAuts
     D:2: 996 daAuts
     D:1: 620 daAuts
     D:4: 96 daAuts
